 Dungeon Crawl Stone Soup version 0.29.0-7-g18a832c13a (webtiles) character file.

Game seed: 6500987628001989444

1533 nickcage the Spear-Bearer (level 8, -3/58 HPs)
             Began as a Merfolk Gladiator on Aug 30, 2022.
             Was a Follower of Qazlal.
             Slain by an orc knight
             ... wielding a +0 war axe
              (15 damage)
             ... in a bailey.
             The game lasted 00:12:38 (6875 turns).

nickcage the Spear-Bearer (Merfolk Gladiator)       Turns: 6875, Time: 00:12:38

Health: -3/58      AC: 12    Str: 16    XL:     8   Next: 85%
Magic:  8/8        EV:  8    Int:  8    God:    Qazlal [*.....]
Gold:   44         SH:  2    Dex: 15    Spells: 7/7 levels left

rFire   . . .      SeeInvis .   a - +0 trident
rCold   + . .      Faith    .   (no shield)
rNeg    . . .      Spirit   .   E - +2 chain mail {rPois}
rPois   +          Reflect  .   c - +0 helmet
rElec   .          Harm     .   (no cloak)
rCorr   .          Rampage  .   (no gloves)
Will    .....                   (no boots)
Stlth   ..........              D - amulet of the acrobat
HPRegen 0.19/turn               u - ring of protection from cold
MPRegen 0.11/turn               (no ring)

@: no status effects
A: (nimble swimmer 2), mertail
a: Renounce Religion


You were in a bailey.
You worshipped Qazlal.
Qazlal was aware of your devotion.
You visited 2 branches of the dungeon, and saw 8 of its levels.
You also visited: Bailey.

You collected 286 gold pieces.
You spent 242 gold pieces at shops.

Inventory:

Hand Weapons
 a - a +0 trident (weapon)
Missiles
 d - 3 throwing nets (quivered)
 e - a javelin
 f - 10 poisoned darts
 m - 16 boomerangs
Armour
 b - a +0 leather armour
 c - a +0 helmet (worn)
 h - a +0 ring mail
 E - a +2 chain mail of poison resistance (worn)
Jewellery
 p - an amulet of magic regeneration
 u - a ring of protection from cold (left hand)
 D - an amulet of the acrobat (around neck)
Wands
 t - a wand of digging (3)
 y - a wand of iceblast (14)
Scrolls
 g - 3 scrolls of poison {unknown}
 j - 2 scrolls of magic mapping {unknown}
 k - 5 scrolls of identify {unknown}
 n - a scroll of enchant armour {unknown}
 o - 2 scrolls of blinking {unknown}
 q - a scroll of fear {unknown}
 v - 4 scrolls of teleportation {unknown}
 x - 2 scrolls of butterflies {unknown}
 A - 2 scrolls of brand weapon {unknown}
 B - a scroll of amnesia {unknown}
 C - a scroll of enchant weapon {unknown}
Potions
 i - 4 potions of heal wounds {unknown}
 l - 4 potions of curing
 r - a potion of ambrosia {unknown}
 s - a potion of mutation {unknown}
 w - a potion of cancellation {unknown}
 z - a potion of might {unknown}


   Skills:
 + Level 3.4 Fighting
 + Level 13.2 Polearms
 - Level 2.0 Throwing
 + Level 2.4 Armour
 - Level 4.0 Dodging
 - Level 0.1 Evocations


You had 7 spell levels left.
You didn't know any spells.
Your spell library contained the following spells:

 Spells                   Type           Power      Damage    Failure   Level
 Apportation              Tloc           0%         N/A       100%        1
 Sandblast                Erth           0%         2d4       100%        1
 Summon Small Mammal      Summ           0%         N/A       100%        1
 Passwall                 Tmut/Erth      0%         N/A       100%        2
 Poisonous Vapours        Pois/Air       0%         N/A       100%        2
 Call Canine Familiar     Summ           0%         N/A       100%        3
 Ignite Poison            Fire/Tmut/Pois 0%         N/A       100%        3
 Mephitic Cloud           Conj/Pois/Air  0%         N/A       100%        3
 Stone Arrow              Conj/Erth      0%         3d7       100%        3
 Summon Guardian Golem    Hex/Summ       0%         N/A       100%        3
 Corpse Rot               Necr/Pois/Air  0%         N/A       100%        4
 Alistair's Intoxication  Tmut/Pois      0%         N/A       100%        5
 Freezing Cloud           Conj/Ice/Air   0%         6-21      100%        5


Dungeon Overview and Level Annotations

Branches:
Dungeon (7/15)             Temple (1/1) D:4          Bailey (1/1)

Altars:
Ashenzari
Cheibriados
Dithmenos
Elyvilon
Fedhas
Gozag
Hepliaklqana
Kikubaaqudgha
Nemelex Xobeh
Okawaru
Qazlal
Ru
Sif Muna
Trog
Uskayaw
Vehumet
Wu Jian
Xom
Yredelemnul
Zin
The Shining One

Shops:
D:1 *!   D:6 *


Innate Abilities, Weirdness & Mutations

((You are very nimble when in or above water. (Stealth+, EV+, Speed+++)))
Your lower body shifts to a powerful aquatic tail in water.


Message History

You hit the orc knight but do no damage.
The orc knight is heavily wounded.
An orc comes into view. It is wielding a +0 hand axe.
You block the orc knight's attack.
You closely miss the orc knight.
The orc knight is heavily wounded.
The orc shouts!
You closely miss the orc knight.
The orc knight is heavily wounded.
The orc knight hits you with a +0 war axe!
The kobold throws a boomerang.
The boomerang closely misses you.
You barely miss the orc knight.
The orc knight is heavily wounded.
The orc grunts loudly.
The orc knight hits you with a +0 war axe!
You closely miss the orc knight.
The orc knight is heavily wounded.
Okay, then.
The kobold attacks as you move away! The kobold barely misses you.
Aiming: Iceblast
Press: ? - help, Q - select action, (/) - cycle Shift-Dir - straight line, p - orc knight
Okay, then.
The kobold throws a boomerang.
You block the boomerang. The kobold attacks as you move away!
The kobold closely misses you.
Aiming: Iceblast
Press: ? - help, Q - select action, (/) - cycle Shift-Dir - straight line, p - orc knight
Okay, then.
The orc knight attacks as you move away!
The orc knight hits you with a +0 war axe!
* * * LOW HITPOINT WARNING * * *
The orc knight attacks as you move away!
The orc knight closely misses you.
Throw: 4 throwing nets
Press: ? - help, Q - select action, (/) - cycle Shift-Dir - straight line, f/p - orc knight
Aim: an orc knight, wielding a +0 war axe and wearing a +0 scale mail (heavily wounded, poisoned, 53% to hit)
You throw a throwing net.
The throwing net barely misses the orc knight.
The throwing net hits the kobold.
The kobold is caught in the net!
The orc knight hits you with a +0 war axe!
You die...

##### ###...###
##.......##
#.........#
#....∩....#
#.........#
##.......##
##...@.## ###.§o##
##..K####
##.....####
##.......###
##..∩...(.(####
#.............#
#≈≈≈≈≈≈≈≈≈..(.....
≈≈≈≈≈≈≈≈≈≈≈≈≈~.(...


You could see an orc knight (poisoned) and a kobold (caught).

Vanquished Creatures
  5 water moccasins
  An ogre (D:5)
  A centaur (D:5)
  2 phantoms
  A kobold brigand (D:6)
  2 bullfrogs (D:6)
  A necrophage (D:6)
  A howler monkey (D:5)
  3 hounds
  An orc priest (D:3)
  2 iguanas (D:6)
  3 orc wizards
  3 adders
  A worm (D:3)
  4 dart slugs
  15 orcs
  2 bats
  7 endoplasms
  11 goblins
  8 hobgoblins
  3 jackals (D:2)
  17 kobolds
  2 quokkas
  5 ball pythons
  3 frilled lizards (D:1)
  5 rats
109 creatures vanquished.

Vanquished Creatures (others)
  9 plants (D:3)
9 creatures vanquished.

Grand Total: 118 creatures vanquished

Notes
Turn   | Place    | Note
-------+----------+-------------------------------------------
     0 | D:1      | nickcage the Merfolk Gladiator began the quest for the Orb.
     0 | D:1      | Reached XP level 1. HP: 16/16 MP: 1/1
   141 | D:1      | Reached XP level 2. HP: 22/22 MP: 2/2
   213 | D:1      | Reached skill level 5 in Polearms
   507 | D:1      | Reached XP level 3. HP: 17/27 MP: 3/3
   631 | D:1      | Found Etirug's Distillery.
   634 | D:1      | Bought a potion of curing for 39 gold pieces
   654 | D:1      | Found Zeapuom's Assorted Antiques.
  1055 | D:2      | Reached skill level 6 in Polearms
  1346 | D:2      | Reached XP level 4. HP: 32/33 MP: 4/4
  1709 | D:3      | Reached skill level 7 in Polearms
  2439 | D:3      | Reached XP level 5. HP: 37/38 MP: 5/5
  2617 | D:4      | Found a staircase to the Ecumenical Temple.
  2624 | Temple   | Entered the Ecumenical Temple
  2846 | Temple   | Became a worshipper of Qazlal Stormbringer
  2905 | D:4      | Reached skill level 8 in Polearms
  3557 | D:4      | Reached XP level 6. HP: 36/44 MP: 6/6
  3616 | D:4      | Found a blossoming altar of Fedhas.
  3800 | D:4      | Identified the +2 robe of Sif Muna's Respect {rN+}
  3955 | D:5      | Entered Level 5 of the Dungeon
  3979 | D:5      | Reached skill level 9 in Polearms
  4431 | D:5      | Noticed a water moccasin
  4441 | D:5      | Killed a water moccasin
  4442 | D:5      | Reached skill level 10 in Polearms
  4442 | D:5      | Reached XP level 7. HP: 41/50 MP: 7/7
  4652 | D:5      | Reached skill level 11 in Polearms
  5326 | D:5      | Found a shimmering altar of Xom.
  5327 | D:5      | Found a shadowy altar of Dithmenos.
  5374 | D:5      | Reached XP level 8. HP: 57/57 MP: 8/8
  5525 | D:6      | Reached skill level 1 in Armour
  5623 | D:6      | Reached * piety under Qazlal
  5634 | D:6      | Reached skill level 12 in Polearms
  6281 | D:6      | Found Wuemen's Serpentskin Sales.
  6298 | D:6      | Reached skill level 13 in Polearms
  6582 | D:6      | Bought a +2 chain mail of poison resistance for 203 gold
                  | pieces
  6807 | D:7      | Found a flagged portal.
  6826 | Bailey   | Entered a bailey
  6843 | Bailey   | Noticed an orc knight
  6875 | Bailey   | Slain by an orc knight

Illustrated notes

Levels and vault maps discovered:
D:1:      ncdulo_halloftheorcs, layout_basic, serial_shops,
          nicolae_shop_behind_doors, nicolae_shop_competitors_out_of_business,
          nicolae_titane
D:2:      layout_loops_ring
D:3:      layout_loops_ring, serial_bayou, serial_bayou_crossing,
          serial_bayou_shore_b, serial_bayou_pond_e, serial_bayou_pond_c,
          kennysheep_nondescript, minmay_stone_trees_medium
D:4:      layout_basic, marbit_many_paths, minmay_temple_entry_ruins,
          hangedman_abyss_or_decor_stabs
D:5:      layout_layer_cave, minitemple
D:6:      layout_gridville, guppyfry_shop_venom
D:7:      corexii_shantytown, layout_basic, enter_bailey_5, moated_statue,
          chequers_serial_rivers_room_b, hangedman_abyss_or_decor_stagger,
          kennysheep_dice
Temple:   eino_narrow_crystal_temple
Bailey:   bailey_axe_4, bailey

Skill      XL: |  1  2  3  4  5  6  7  8 |
---------------+-------------------------+-----
Polearms       | 5 6 7 8 10 11 13 | 13.2
Armour         | 2 |  2.4
Fighting       | 3 |  3.4
Throwing       | |  2.0
Dodging        | |  4.0
Evocations     | |  0.1

Action                   |  1- 3 |  4- 6 |  7- 9 || total
-------------------------+-------+-------+-------++-------
Melee: Trident           |   118 |   165 |   149 ||   432
       Punch             |       |     2 |     3 ||     5
Throw: Boomerang         |     3 |     9 |    19 ||    31
       Dart              |       |       |     5 ||     5
       Throwing net      |       |       |     1 ||     1
Evoke: Wand              |       |     2 |     5 ||     7
  Use: Potion            |       |       |     2 ||     2
 Stab: Sleeping          |       |     1 |       ||     1
Armor: Ring mail         |    43 |    40 |    39 ||   122
       Chain mail        |       |       |     7 ||     7
Dodge: Dodged            |    54 |    57 |    60 ||   171
Block: Other             |       |       |     5 ||     5
